Map: Lerilak Crest

Players

LilDicky - Winner!

  • Race: Terran Terran
  • League: Diamond

Raynor

  • Race: Zerg Zerg
  • League: Platinum

VOD

http://www.twitch.tv/tumescentpie

Description

Time

  • Played on: Dec. 24, 2015, 7:33 p.m.
  • Length: 15:10
Show
View Real Time Build Order
Export as new Build Order

LilDicky Terran - Winner!

Build Orders: Reaper Expand, MMM Bio 

Get SALT Encoding   

  12  0:01  SCV  
  13  0:13  SCV  
  14  0:18  Supply Depot  
  14  0:26  SCV  
  15  0:40  SCV  
  16  0:44  Barracks  
  16  0:50  Refinery  
  16  0:53  SCV  
  17  1:06  SCV  
  18  1:20  SCV  
  19  1:32  Orbital Command  
  19  1:36  Reaper  
  20  1:44  Command Center  
  20  1:58  SCV  
  21  2:10  Supply Depot  
  21  2:11  Barracks Tech Lab  
  21  2:14  SCV  
  22  2:17  Barracks  
  22  2:19  Barracks  
  22  2:26  SCV  
  23  2:31  Marine  
  23  2:36  Stimpack  
  24  2:38  SCV  
  24  2:50  SCV  
  25  2:57  Marine  
  25  3:00  Orbital Command  
  25  3:02  SCV  
  25  3:04  Barracks Tech Lab  
  26  3:06  Barracks Reactor  
  26  3:15  SCV, Marine  
  28  3:24  Barracks  
  28  3:26  Combat Shields, Barracks  
  29  3:27  SCV  
  29  3:29  Marine  
  29  3:31  SCV  
  29  3:34  Marine  
  32  3:39  SCV  
  33  3:42  Marine  
  33  3:43  Marine  
  33  3:46  Supply Depot, SCV  
  36  3:50  Marauder  
  36  3:51  SCV  
  40  3:57  Marauder  
  40  3:58  SCV  
  42  4:04  SCV  
  42  4:06  Marine  
  42  4:07  Marine  
  42  4:08  Supply Depot  
  45  4:11  Barracks Reactor  
  45  4:12  Supply Depot  
  45  4:17  Barracks Reactor  
  45  4:18  Marine  
  45  4:24  Marine x2  
  46  4:28  Marauder  
  50  4:34  SCV  
  50  4:36  Marine  
  52  4:41  Marine  
  52  4:42  Marine  
  54  4:47  SCV x2  
  54  4:49  Marine  
  54  4:50  Refinery, Marine x2  
  59  4:54  Marine  
  59  4:59  Marine x3  
  62  5:01  SCV  
  62  5:03  Command Center, Marine  
  62  5:05  SCV  
  66  5:07  Marine  
  66  5:13  SCV  
  59  5:36  Marine x2  
  59  5:37  Marine x3  
  59  5:38  Marauder x2  
  59  5:40  SCV x2  
  66  5:43  Refinery x2  
  66  5:46  Marine  
  66  5:48  Factory  
  67  5:52  SCV x2  
  67  5:54  Marine  
  70  6:00  Supply Depot x2  
  70  6:15  Supply Depot, Marauder x2, Marine x3  
  77  6:25  Marine x3  
  80  6:34  Marine x2  
  80  6:36  Command Center  
  80  6:37  Marauder x2  
  80  6:38  Supply Depot  
  83  7:04  Marine  
  83  7:06  Marine x2  
  83  7:07  Marauder x2  
  90  7:10  Marine x2  
  90  7:14  Factory Reactor  
  92  7:16  SCV, Starport  
  92  7:19  Orbital Command  
  92  7:21  SCV  
  94  7:28  Marauder x2  
  89  7:49  Marine  
  89  7:50  Marauder, Marine x6  
  84  7:58  SCV  
  84  7:59  SCV x2  
  87  8:07  Engineering Bay, Marine x6  
  87  8:11  SCV, Engineering Bay  
  94  8:14  Medivac  
  94  8:15  Medivac  
  94  8:16  Marine x2  
  94  8:18  Orbital Command  
  100  8:21  SCV  
  100  8:22  SCV  
  100  8:25  SCV  
  100  8:26  Marine x2  
  105  8:31  Marine x2  
  105  8:32  Widow Mine  
  105  8:34  SCV  
  110  8:36  Marine x3  
  113  8:44  Medivac  
  113  8:45  Medivac  
  116  8:48  Marine x2  
  116  8:49  Marauder  
  116  8:55  Marauder  
  121  8:56  Marine  
  121  8:57  Marine x2  
  121  9:02  Marine  
  124  9:06  Marine x2  
  126  9:10  Marauder  
  126  9:14  Medivac x2  
  126  9:16  Marauder  
  108  9:23  Marine  
  107  9:24  Marine  
  107  9:25  Marine x3  
  107  9:26  Marine  
  106  9:32  Marauder  
  106  9:38  Marauder  
  110  9:40  Marine  
  110  9:42  Marine  
  110  9:44  Medivac x2  
  116  9:51  Marine  
  116  9:52  Marine x3  
  120  9:53  Marine  
  120  9:58  Marine x2  
  120  10:00  Marine  
  121  10:09  Marine  
  121  10:11  Marauder  
  124  10:16  Marine  
  124  10:17  Marauder, Marine  
  116  10:28  Marine  
  116  10:29  Marine  
  116  10:33  Marine  
  116  10:34  Marauder, Marine  
  116  10:35  SCV x3  
  124  10:36  Medivac x2  
  124  10:37  Marine x2  
  131  10:44  Marauder  
  131  10:46  Marine  
  131  10:47  SCV x2  
  130  10:56  Marauder  
  132  11:09  Marauder  
  132  11:20  Marauder  
  123  11:27  Marine x6  
  123  11:30  Terran Infantry Weapons Level 1, Supply Depot, Marine, Terran Infantry Armor Level 1  
  123  11:32  Armory  
  130  11:38  Supply Depot  
  130  11:39  Supply Depot  
  130  11:41  Barracks, Marine  
  130  11:43  Barracks  
  130  11:44  Barracks, Marine  
  130  11:45  Barracks  
  130  11:46  Barracks  
  132  11:49  Marine  
  132  11:50  Marine x2  
  132  11:51  Marine  
  132  11:59  Medivac x2, Marine  
  132  12:00  Marauder  
  132  12:01  Marauder  
  141  12:02  Marine  
  141  12:07  Marine x2  
  141  12:08  Marine  
  136  12:09  Marine  
  135  12:17  Marine  
  135  12:20  Marine  
  135  12:21  Marauder  
  135  12:22  Marauder  
  136  12:25  Missile Turret, Marine x2  
  136  12:26  Marine  
  136  12:27  Marine  
  136  12:29  Medivac  
  132  12:35  Marine  
  130  12:37  Marine  
  130  12:38  Marine  
  130  12:42  Missile Turret, Marine x4  
  130  12:43  Marine x3  
  130  12:44  Marine x3  
  135  12:45  Orbital Command  
  135  12:46  Missile Turret x2  
  135  12:47  Missile Turret  
  135  12:49  Missile Turret  
  138  12:53  Marine  
  138  12:55  Marine  
  138  12:56  Marine  
  141  13:00  Marine x2  
  141  13:01  Marine x4  
  141  13:02  Marine, Liberator x2  
  148  13:10  Marine  
  122  13:13  Marine  
  122  13:16  Marine  
  122  13:17  Marine x4  
  122  13:18  Marine  
  122  13:19  Marine x4  
  139  13:20  Widow Mine  
  139  13:25  Missile Turret x2  
  135  13:27  Command Center  
  135  13:28  Missile Turret  
  135  13:36  Marauder  
  135  13:37  Missile Turret  
  135  13:38  Missile Turret x2  
  135  13:39  Marine  
  135  13:40  Marauder  
  138  13:57  Marauder  
  140  14:09  Marine x2  
  142  14:10  Marauder  
  142  14:12  Marine  
  145  14:17  Command Center  
  145  14:18  Missile Turret x2  
  145  14:19  Marauder  
  145  14:20  Command Center, Missile Turret  
  145  14:21  Marine  
  148  14:26  Supply Depot  
  148  14:31  Command Center, Marauder, Marine x6  
  148  14:32  Marine x4  
  160  14:39  Marine  
  160  14:40  Marauder  
  163  14:49  Marine  
Show
View Real Time Build Order
Export as new Build Order

Raynor Zerg 

Build Orders: Hatch First 

Get SALT Encoding   

  12  0:01  Drone  
  13  0:08  Drone  
  14  0:17  Overlord  
  14  0:25  Drone, Extractor  
  15  0:36  Drone x2  
  17  0:56  Drone  
  18  0:58  Hatchery  
  17  1:11  Spawning Pool  
  17  1:14  Extractor  
  17  1:15  Drone  
  16  1:19  Drone  
  16  1:25  Drone  
  18  1:33  Drone  
  18  1:38  Drone  
  20  1:49  Drone  
  21  1:59  Overlord  
  21  2:09  Queen  
  21  2:10  Queen  
  21  2:12  Zergling x4  
  27  2:26  Drone x2  
  29  2:32  Drone x2  
  31  2:45  Metabolic Boost, Queen  
  31  2:46  Queen  
  31  2:50  Drone  
  36  3:03  Overlord  
  36  3:04  Overlord  
  36  3:09  Roach Warren  
  36  3:10  Extractor  
  34  3:12  Overlord  
  34  3:26  Drone x4  
  34  3:27  Drone  
  39  3:28  Zergling x2  
  40  3:39  Drone x4  
  44  3:56  Lair  
  44  3:57  Roach x3  
  50  4:07  Zergling x2  
  50  4:08  Zergling x8  
  55  4:34  Drone x2  
  55  4:35  Drone x3, Extractor  
  55  4:36  Overlord, Extractor  
  58  4:39  Hatchery  
  53  4:52  Drone x2  
  55  4:53  Drone x4  
  55  4:55  Glial Reconstitution  
  59  5:01  Drone  
  62  5:14  Roach x4  
  60  5:38  Overlord x2  
  60  5:42  Overlord x2  
  60  5:47  Overlord x4  
  60  5:56  Evolution Chamber  
  59  5:57  Evolution Chamber, Baneling Nest  
  57  6:05  Drone x4  
  57  6:06  Drone x2  
  63  6:13  Drone x2  
  63  6:14  Drone x3  
  63  6:17  Ravager x3  
  63  6:18  Ravager x3  
  74  6:34  Zerg Ground Armor Level 1  
  74  6:35  Zerg Melee Weapons Level 1  
  65  6:41  Zergling x2  
  65  6:42  Zergling x20  
  68  6:57  Zergling x2  
  68  6:58  Zergling x12  
  74  7:02  Baneling  
  74  7:03  Baneling x6  
  74  7:04  Baneling x2  
  74  7:08  Zergling x10  
  76  7:37  Hatchery  
  68  7:47  Zergling x2  
  68  7:48  Zergling x18  
  74  8:02  Drone x5  
  79  8:06  Baneling x4  
  79  8:09  Hatchery  
  79  8:11  Overlord  
  78  8:24  Overlord  
  78  8:25  Centrifical Hooks  
  78  8:27  Zergling x12  
  84  8:40  Baneling  
  84  8:41  Baneling x5  
  84  8:46  Drone x4  
  74  9:20  Drone x3  
  74  9:21  Drone x5  
  78  9:26  Queen  
  77  9:33  Zergling x2  
  77  9:34  Zergling x24  
  90  9:43  Zergling x8  
  94  9:47  Zerg Melee Weapons Level 2  
  94  9:48  Zerg Ground Armor Level 2  
  93  10:01  Drone x2  
  93  10:02  Drone x3  
  93  10:03  Baneling x3  
  93  10:04  Baneling  
  92  10:19  Zergling x2  
  88  10:28  Overseer x3  
  83  10:30  Overlord  
  83  10:31  Zergling x2  
  83  10:38  Spire  
  71  10:46  Baneling x5  
  70  10:50  Zergling x4  
  70  10:51  Zergling x16  
  80  11:04  Drone x7  
  81  11:05  Drone  
  85  11:14  Baneling x6  
  81  11:24  Zergling x2  
  81  11:25  Zergling x8  
  82  11:27  Drone x2  
  82  11:28  Drone x2  
  86  11:33  Queen  
  86  11:36  Queen  
  88  11:54  Mutalisk x6  
  100  12:07  Mutalisk x4  
  100  12:08  Mutalisk  
  107  12:12  Queen  
  107  12:24  Mutalisk x3  
  107  12:25  Mutalisk  
  115  12:38  Drone x3  
  118  12:47  Baneling  
  118  12:48  Baneling x20  
  118  12:49  Zergling x14  
  97  13:29  Hatchery  
  97  13:30  Zergling x2  
  97  13:31  Zergling x16  
  91  14:08  Drone x5  
  95  14:10  Queen  
  95  14:16  Baneling x2  
  95  14:17  Baneling x4  
  97  14:24  Extractor  
  97  14:26  Zergling x2  
  97  14:27  Overlord x2  
  97  14:28  Overlord x3  
Tags
 
Add a new tag
Caveats
  • Supply blocks, unpowered buildings, or Contaminate may cause inaccurate times.
  • Supply counts are checked every 10 seconds.